 Dungeon Crawl Stone Soup version 0.31-a0-18-gea43df2a32 (webtiles) character file.

Game seed: 18238761985833580668

43921 Dirtsage the Severer (level 13, -2/101 HPs)
             Began as a Demonspawn Berserker on May 8, 2023.
             Was a High Priest of Trog.
             Slain by a wolf (6 damage)
             ... on level 5 of the Lair of Beasts on May 10, 2023.
             The game lasted 00:43:08 (17559 turns).

Dirtsage the Severer (Demonspawn Berserker)        Turns: 17559, Time: 00:43:09

Health: -2/101     AC: 27    Str: 21    XL:     13   Next: 93%
Magic:  0/13       EV:  9    Int: 10    God:    Trog [*****.]
Gold:   633        SH:  4    Dex: 17    Spells: 12/12 levels left

rFire   + . .        J - +11 war axe "Kiloon Uxa" {heavy, Will+ Dex+4}
rCold   + . .        (no shield)
rNeg    . . .        R - +4 chain mail {rF+}
rPois   +            G - +2 hat {Stlth+}
rElec   .            W - +1 cloak {rF+}
rCorr   .            n - +0 pair of gloves
SInv    .            v - +0 pair of boots
Will    +....        e - amulet of guardian spirit Stlth
                     P - ring of poison resistance
HPRegen 0.36/turn    p - ring of ice
MPRegen 0.13/turn

%: guardian spirit
@: on berserk cooldown, slowed, very slow
A: antennae 1, icemail 1, sharp scales 2, condensation shield
a: Renounce Religion, Berserk, Trog's Hand, Brothers in Arms


You were on level 5 of the Lair of Beasts.
You worshipped Trog.
Trog was extremely pleased with you.
You visited 3 branches of the dungeon, and saw 16 of its levels.
You also visited: Sewer and Volcano.

You collected 1138 gold pieces.
You spent 505 gold pieces at shops.

Inventory:

Hand Weapons
 D - a +2 flail of protection
 J - the +11 war axe "Kiloon Uxa" (weapon) {heavy, Will+ Dex+4}
   (You bought it in a shop on level 10 of the Dungeon)

   Dex:       It affects your dexterity (+4).
   Will:      It increases your willpower.
Missiles
 f - a throwing net (quivered)
Armour
 n - a +0 pair of gloves (worn)
 v - a +0 pair of boots (worn)
 G - a +2 hat of stealth (worn)
 R - a +4 chain mail of fire resistance (worn)
 W - a +1 cloak of fire resistance (worn)
Jewellery
 e - an amulet of guardian spirit (around neck)
 p - a ring of ice (right hand)
 C - a ring of resist corrosion
 N - a ring of positive energy
 P - a ring of poison resistance (left hand)
Wands
 F - a wand of flame (43)
 H - a wand of light (6)
 K - a wand of paralysis (6)
 T - a wand of mindburst (10)
Scrolls
 b - 2 scrolls of brand weapon
 g - 4 scrolls of fear
 h - 5 scrolls of noise
 i - a scroll of identify
 j - a scroll of magic mapping {unknown}
 m - 5 scrolls of vulnerability
 o - 4 scrolls of fog
 t - 10 scrolls of teleportation
 u - 2 scrolls of amnesia
 y - a scroll of immolation
 A - 3 scrolls of poison
 B - 5 scrolls of blinking
 E - 3 scrolls of enchant armour
 I - a scroll of torment
 S - a scroll of enchant weapon {unknown}
 V - a scroll of acquirement {unknown}
Potions
 c - 3 potions of degeneration
 d - 3 potions of might
 k - 3 potions of flight
 l - 5 potions of heal wounds
 q - 8 potions of curing
 r - a potion of mutation {unknown}
 s - 4 potions of lignification
 w - a potion of ambrosia {unknown}
 x - 3 potions of invisibility
 z - 2 potions of cancellation
 M - a potion of resistance {unknown}
 O - a potion of brilliance {unknown}
 Q - 2 potions of attraction {unknown}
 U - a potion of haste {unknown}
Miscellaneous
 a - a phial of floods
 L - a lightning rod (4/4)


   Skills:
 + Level 9.0 Fighting
 - Level 17.2 Axes
 + Level 8.0 Armour
 - Level 1.7 Dodging
 + Level 5.4 Shields
 + Level 8.4 Evocations


You had 12 spell levels left.
You didn't know any spells.
Your spell library contained the following spells:

 Spells                   Type           Power      Damage    Failure   Level
 Apportation              Tloc           0%         N/A       91%         1
 Kiss of Death            Conj/Necr      0%         2d5       91%         1
 Magic Dart               Conj           0%         1d3       91%         1
 Necrotise                Necr           0%         1d4       91%         1
 Summon Small Mammal      Summ           0%         N/A       91%         1
 Blink                    Tloc           0%         N/A       97%         2
 Searing Ray              Conj           0%         2d4       97%         2
 Sublimation of Blood     Necr           0%         N/A       97%         2
 Wereblood                Tmut           0%         N/A       97%         2
 Frozen Ramparts          Ice            0%         1d1       99%         3
 Animate Armour           Summ/Erth      0%         N/A       100%        4
 Fulminant Prism          Conj/Hex       0%         3d5       100%        4
 Ice Form                 Ice/Tmut       0%         N/A       100%        4
 Manifold Assault         Tloc           0%         N/A       100%        4
 Passage of Golubria      Tloc           0%         N/A       100%        4
 Summon Ice Beast         Ice/Summ       0%         N/A       100%        4
 Blade Hands              Tmut           0%         N/A       100%        5
 Iskenderun's Battlesphe  Conj           0%         2d6       100%        5
 Summon Mana Viper        Hex/Summ       0%         N/A       100%        5
 Iron Shot                Conj/Erth      0%         9d1       100%        6
 Simulacrum               Ice/Necr       0%         N/A       100%        6
 Monstrous Menagerie      Summ           0%         N/A       100%        7
 Spellforged Servitor     Conj/Summ      0%         N/A       100%        7
 Storm Form               Tmut/Air       0%         N/A       100%        7
 Summon Hydra             Summ           0%         N/A       100%        7


Dungeon Overview and Level Annotations

Branches:
Dungeon (10/15)            Temple (1/1) D:7            Lair (5/5) D:10
 Shoals (0/4) Lair:2       Spider (0/4) Lair:2          Orc (0/2) D:9
  Sewer (visited)         Volcano (visited)
  Slime: Lair:4-5

Altars:
Ashenzari
Cheibriados
Dithmenos
Fedhas
Gozag
Hepliaklqana
Kikubaaqudgha
Makhleb
Nemelex Xobeh
Okawaru
Qazlal
Ru
Sif Muna
Trog
Uskayaw
Vehumet
Wu Jian
Xom
Yredelemnul

Shops:
D:8 !   D:10 [?(=


Innate Abilities, Weirdness & Mutations

You have a pair of small antennae on your head.
A meltable icy envelope protects you from harm. (AC +4)
You are mostly covered in razor-sharp scales. (AC +2, Slay +2)
A meltable shield of frost defends you. (SH +4)


Message History

You regained 2 hp, and now have 22/101 hp.
The wolf spider attacks as you move away!
The wolf spider hits you but does no damage.
The wolf spider completely misses you.
Your skin stops crawling.
You feel less strong-willed.
Your ogre rages.
Your ogre hits the wolf spider with a +0 giant club!
The wolf spider hits you but does no damage.
The wolf spider bites you but does no damage.
Your ogre hits the wolf spider with a +0 giant club!
The wolf spider hits you!
* * * LOW HITPOINT WARNING * * *
The wolf spider bites you!
* * * LOW HITPOINT WARNING * * *
You take 16 damage, and have 7/101 hp.
You now have 0/13 mp.
You open the wolf spider like a pillowcase!!!
The wolf spider is almost dead.
The wolf spider hits you but does no damage.
The wolf spider bites you but does no damage.
Your ogre hits the wolf spider with a +0 giant club!!
The wolf spider dies!
Trog accepts your kill.
Your Armour skill increases to level 8!
Your ogre completely misses the wolf.
The wolf closely misses you. The wolf bites your ogre!
Your ogre barely misses the wolf.
You miss the wolf. The wolf bites you.
* * * LOW HITPOINT WARNING * * *
The wolf bites your ogre! The wolf bites you but does no damage.
The wolf bites your ogre!
Your ogre barely misses the wolf.
The wolf completely misses you.
You take 5 damage, and have 3/101 hp.
You slice the wolf!!
You kill the wolf!
Trog accepts your kill.
Your ogre misses the wolf. The wolf bites you but does no damage.
The wolf closely misses you.
Your ogre closely misses the wolf.
You hit the wolf.
The wolf is lightly wounded.
The wolf bites you!
You die...

.♣ . ♣♣♣.)
...♣♣♣ ♣..
♣♣....
♣.....♣♣♣♣♣♣♣...
♣♣.....
♣......♣.....♣
♣♣......
♣.)))).♣
♣♣♣..♣♣♣..
♣).).♣ ♣♣...♣♣
♣♣♣ ♣♣♣♣.♣♣♣
♣♣♣..♣♣♣
♣♣.O♣♣♣♣♣...♣♣
♣♣h@..♣..♣♣♣
♣♣♣....♣♣.♣ .♣♣
♣♣♣♣)†).♣♣ ...
♣...)..♣ ♣.
♣..)......♣
♣♣♣♣......♣
♣...... ...... ♣
♣♣♣♣♣♣ ..


You could see a wolf (ally target) and a friendly ogre (summoned, berserk).

Vanquished Creatures
  Gastronok (Lair:3)
  Snorg (Lair:3)
  2 hydras
  A two-headed ogre (Volcano)
  A boulder beetle (Lair:5)
  11 death yaks
  Lodul (D:10)
  A lindwurm (Lair:4)
  A wolf spider (Lair:5)
  7 black mambas
  2 salamanders (Volcano)
  8 elephants
  A gargoyle (D:10)
  7 cane toads
  Maggie (Lair:2)
  3 komodo dragons
  A rime drake (Lair:3)
  2 ice devils (Lair:2)
  4 polar bears
  5 hornets
  7 blink frogs
  2 dream sheep (Lair:5)
  Sigmund (D:2)
  14 spriggans (Lair:5)
  2 culicivoras (Lair:2)
  2 fire bats (Volcano)
  Eustachio (D:4)
  6 wyverns
  2 wraiths
  23 yaks
  3 steam dragons (D:8)
  Duvessa (D:5)
  10 water moccasins
  3 hell hounds (Volcano)
  Pargi (D:3)
  5 orc warriors
  2 sky beasts
  An ice beast (D:6)
  6 black bears
  7 centaurs
  9 ogres (D:10)
  4 boggarts (Lair:5)
  33 wolves
  5 kobold brigands
  Blork the orc (D:5)
  9 bullfrogs
  2 scorpions
  5 necrophages (Lair:3)
  2 gnoll sergeants (D:8)
  3 wights (D:8)
  Dowan (D:5)
  8 killer bees
  2 howler monkeys
  2 electric eels
  2 gnoll boudas
  2 hounds
  2 jellies
  4 orc priests
  4 iguanas
  5 orc wizards
  6 hell rats (Lair:3)
  18 gnolls
  3 river rats (Sewer)
  10 adders
  2 shadow imps
  3 white imps
  A worm (D:2)
  4 dart slugs
  37 orcs
  17 ball pythons
  9 endoplasms
  9 giant cockroaches
  8 goblins
  10 hobgoblins
  5 jackals (Sewer)
  4 quokkas
  2 bats
  6 frilled lizards
  15 kobolds
  8 rats
442 creatures vanquished.

Vanquished Creatures (collateral kills)
  A wolf spider (Lair:5)
1 creature vanquished.

Grand Total: 443 creatures vanquished

Notes
Turn   | Place    | Note
-------+----------+-------------------------------------------
     0 | D:1      | Dirtsage the Demonspawn Berserker began the quest for the
                  | Orb.
     0 | D:1      | Reached XP level 1. HP: 18/18 MP: 1/1
    37 | D:1      | Reached skill level 3 in Axes
   109 | D:1      | Gained mutation: You are partially covered in razor-sharp
                  | scales. (AC +1, Slay +1) [demonic ancestry]
   109 | D:1      | Reached XP level 2. HP: 20/24 MP: 2/2
   458 | D:1      | Reached ** piety under Trog
   526 | D:1      | Reached XP level 3. HP: 25/29 MP: 3/3
   875 | D:2      | Reached skill level 4 in Axes
  1113 | D:2      | Reached XP level 4. HP: 11/35 MP: 4/4
  1428 | D:2      | Noticed Sigmund
  1444 | D:2      | Killed Sigmund
  1445 | D:2      | Reached skill level 6 in Axes
  1445 | D:2      | Gained mutation: A meltable shield of frost defends you.
                  | (SH +4) [demonic ancestry]
  1445 | D:2      | Reached XP level 5. HP: 41/41 MP: 5/5
  1708 | D:2      | Reached XP level 6. HP: 35/47 MP: 6/6
  2145 | D:3      | Found an opulent altar of Gozag.
  2177 | D:3      | Noticed Pargi
  2189 | D:3      | Killed Pargi
  2423 | D:3      | Reached *** piety under Trog
  2432 | D:3      | Found a faded altar of an unknown god.
  2460 | D:3      | Reached skill level 7 in Axes
  2527 | D:3      | Found a glowing drain.
  2543 | Sewer    | Entered a sewer
  2625 | Sewer    | Reached XP level 7. HP: 52/52 MP: 5/7
  2802 | Sewer    | Upgraded the game from 0.31-a0-16-g6d2539766c to
                  | 0.31-a0-18-gea43df2a32
  3054 | Sewer    | Reached skill level 8 in Axes
  3825 | D:3      | Found an ancient bone altar of Kikubaaqudgha.
  4046 | D:4      | Noticed Eustachio
  4058 | D:4      | Killed Eustachio
  4461 | D:4      | Noticed a fire elemental
  4463 | D:4      | Found a stormy altar of Qazlal.
  4465 | D:4      | Noticed a water elemental
  4465 | D:4      | Noticed an air elemental
  4760 | D:5      | Entered Level 5 of the Dungeon
  4796 | D:5      | Noticed Blork the orc
  4809 | D:5      | Killed Blork the orc
  5120 | D:5      | Reached skill level 9 in Axes
  5120 | D:5      | Gained mutation: You are mostly covered in razor-sharp
                  | scales. (AC +2, Slay +2) [demonic ancestry]
  5120 | D:5      | Reached XP level 8. HP: 47/58 MP: 4/8
  5291 | D:5      | Noticed Duvessa
  5292 | D:5      | Noticed Dowan
  5296 | D:5      | Killed Dowan
  5303 | D:5      | Killed Duvessa
  5303 | D:5      | Reached **** piety under Trog
  5998 | D:6      | Reached skill level 10 in Axes
  6225 | D:6      | Found a broken altar of Ashenzari.
  6611 | D:6      | Reached skill level 11 in Axes
  6925 | D:7      | Reached XP level 9. HP: 63/63 MP: 9/9
  7430 | D:7      | Reached skill level 12 in Axes
  7657 | D:7      | Found a staircase to the Ecumenical Temple.
  7674 | Temple   | Entered the Ecumenical Temple
  8276 | D:8      | Reached skill level 13 in Axes
  8359 | D:8      | Found Xofo's Distillery.
  8412 | D:8      | Bought a potion of curing for 39 gold pieces
  8412 | D:8      | Bought a potion of flight for 39 gold pieces
  8412 | D:8      | Bought a potion of might for 52 gold pieces
  8711 | D:8      | Gained mutation: A meltable icy envelope protects you from
                  | harm. (AC +4) [demonic ancestry]
  8711 | D:8      | Reached XP level 10. HP: 70/70 MP: 10/10
  9726 | D:9      | Found a staircase to the Orcish Mines.
  9734 | D:9      | Reached skill level 14 in Axes
 10085 | D:9      | Found a hide-covered altar of Uskayaw.
 10106 | D:9      | Reached skill level 1 in Evocations
 10476 | D:10     | Entered Level 10 of the Dungeon
 10511 | D:10     | Identified the +7 short sword of Capital Punishment {spect,
                  | rElec Will+ rCorr}
 10524 | D:10     | Found Dyrint's Antique Weapon Shop.
 10535 | D:10     | Bought a jewelled war axe for 255 gold pieces
 10535 | D:10     | Identified the +11 war axe "Kiloon Uxa" {heavy, Will+
                  | Dex+4} (You bought it in a shop on level 10 of the Dungeon)
 10623 | D:10     | Noticed Lodul
 10633 | D:10     | Killed Lodul
 10635 | D:10     | Reached skill level 15 in Axes
 10676 | D:10     | Noticed a gargoyle
 10685 | D:10     | Killed a gargoyle
 11014 | D:10     | Found a staircase to the Lair.
 11113 | D:10     | Gained mutation: You have a pair of small antennae on your
                  | head. [demonic ancestry]
 11113 | D:10     | Reached XP level 11. HP: 75/75 MP: 11/11
 11142 | D:10     | Found Irghoj's Jewellery Shop.
 11254 | D:10     | Found Ixesong's Magic Scroll Emporium.
 11263 | D:10     | Bought a scroll of identify for 30 gold pieces
 11263 | D:10     | Bought a scroll of identify for 30 gold pieces
 11263 | D:10     | Bought a scroll of identify for 30 gold pieces
 11263 | D:10     | Bought a scroll of identify for 30 gold pieces
 11309 | D:10     | Reached ***** piety under Trog
 11427 | D:10     | Found Akhaif's Antique Armour Emporium.
 11529 | Lair:1   | Entered Level 1 of the Lair of Beasts
 11704 | Lair:1   | Noticed a death yak
 11705 | Lair:1   | Noticed a death yak
 11751 | Lair:1   | Killed a death yak
 11752 | Lair:1   | Reached skill level 16 in Axes
 11819 | Lair:1   | Killed a death yak
 12058 | Lair:1   | Noticed a death yak
 12078 | Lair:1   | Killed a death yak
 12132 | Lair:1   | Noticed a death yak
 12133 | Lair:1   | Noticed a death yak
 12148 | Lair:1   | Killed a death yak
 12153 | Lair:1   | Killed a death yak
 12154 | Lair:1   | Reached skill level 17 in Axes
 12488 | Lair:1   | Identified the +2 short sword "Juezithi" {freeze, rC+
                  | Str+2}
 12855 | Lair:2   | Found a frozen archway.
 12967 | Lair:2   | Reached XP level 12. HP: 51/83 MP: 10/12
 12978 | Lair:2   | Found a staircase to the Shoals.
 13045 | Lair:2   | Noticed Maggie
 13050 | Lair:2   | Killed Maggie
 13054 | Lair:2   | Identified the +9 executioner's axe "Orupref" {heavy, rF++
                  | rN+ Str+2 Dex-5} (Trog gifted it to you on level 2 of the
                  | Lair of Beasts)
 13054 | Lair:2   | Received a gift from Trog
 13210 | Lair:2   | Found a dark tunnel.
 13219 | Volcano  | Entered a volcano
 13264 | Volcano  | Noticed a two-headed ogre
 13272 | Volcano  | Killed a two-headed ogre
 13273 | Volcano  | Reached skill level 5 in Fighting
 13883 | Lair:2   | Found a hole to the Spider Nest.
 14417 | Lair:3   | Noticed Gastronok
 14429 | Lair:3   | Killed Gastronok
 14430 | Lair:3   | Reached skill level 5 in Armour
 14430 | Lair:3   | Reached skill level 5 in Evocations
 14747 | Lair:3   | Noticed Snorg
 14757 | Lair:3   | Killed Snorg
 14990 | Lair:3   | Reached skill level 1 in Shields
 15066 | Lair:3   | Got the Discourse on Unholy Dislocation
 15421 | Lair:4   | Noticed a death yak
 15421 | Lair:4   | Noticed a death yak
 15421 | Lair:4   | Noticed a death yak
 15421 | Lair:4   | Noticed a death yak
 15421 | Lair:4   | Noticed a death yak
 15421 | Lair:4   | Noticed a death yak
 15714 | Lair:4   | Noticed an eight-headed hydra
 15726 | Lair:4   | Killed a 14-headed hydra
 15943 | Lair:4   | Reached XP level 13. HP: 96/96 MP: 13/13
 16893 | Lair:5   | Entered Level 5 of the Lair of Beasts
 17400 | Lair:5   | Reached skill level 5 in Shields
 17534 | Lair:5   | Received a gift from Trog
 17557 | Lair:5   | HP: 3/101 [wolf (6)]
 17559 | Lair:5   | Slain by a wolf

Illustrated notes

Levels and vault maps discovered:
D:1:      erik_arrival_orb_chamber, layout_basic
D:2:      layout_basic, minmay_mini_jars, uniq_sigmund
D:3:      layout_loops_corners, grunt_gozag_statues,
          lemuel_coloured_pillars_altar, ebering_ecumenical_altar_rust,
          portal_sewer_entry_b, uniq_pargi
D:4:      layout_gridville, nicolae_qazlal_style_of_elements, uniq_eustachio
D:5:      dreamdust_elfheim, layout_loops_corners, uniq_blork_the_orc
D:6:      layout_rooms, nicolae_ashenzari_panopticon
D:7:      layout_basic, minmay_temple_entry_statues_fountains,
          minmay_misc_feat_enclosed
D:8:      layout_loops_cross, serial_shops, nicolae_shop_tiny_statue_garden
D:9:      layout_loops_ring, nicolae_uskayaw_murder_on_the_dancefloor,
          david_orc_3
D:10:     layout_roguey, lair_entry_dummy, serial_shops, shop, shop, shop,
          nicolae_square_shop, special_room [special_room_orc], uniq_lodul
Temple:   nicolae_temple_bog_church
Lair:1:   statuecave_lemuel, layout_long_grid, grunt_megastairs_3
Lair:2:   layout_small_grid, minmay_shoals_entry_hut,
          hellmonk_spider_entry_life_and_decay, portal_ice_cave_demonic_guard,
          lightli_volcano_entry_magma_tube, chequers_serial_rivers_small_3,
          uniq_maggie
Lair:3:   layout_small_grid, roderic_carrion_pond, uniq_gastronok, uniq_snorg
Lair:4:   layout_regular_city, beast_lair_carwin_1, serial_bayou_shore_a,
          infiniplex_staircase_pool_2
Lair:5:   minmay_lair_end_enchanted_forest, layout_gridlike,
          dpeg_slime_entry_enclosed, chequers_serial_rivers_large_a,
          nicolae_lair_run_with_the_wolves

Skill      XL: |  1  2  3  4  5  6  7  8  9 10 11 12 13 |
---------------+----------------------------------------+-----
Axes           | 3 4 6 7 9 11 13 15 17 | 17.2
Armour         | 2 3 6 8 |  8.0
Evocations     | 1 2 6 8 |  8.4
Fighting       | 4 7 9 |  9.0
Shields        | 2 5 |  5.4
Dodging        | |  1.7

Action                     |  1- 3 |  4- 6 |  7- 9 | 10-12 | 13-15 || total
---------------------------+-------+-------+-------+-------+-------++-------
  Melee: Hand axe          |    98 |   146 |   498 |   106 |       ||   848
         Punch             |       |     1 |     9 |     4 |     2 ||    16
         Battleaxe         |       |       |       |    47 |       ||    47
         War axe           |       |       |       |   312 |   178 ||   490
 Invoke: Berserk           |     2 |     3 |    12 |    14 |     3 ||    34
         Trog's Hand       |       |     1 |     2 |     1 |     1 ||     5
         Brothers in Arms  |       |       |       |       |     1 ||     1
  Evoke: Wand              |       |       |       |     1 |       ||     1
         Lightning rod     |       |       |       |     1 |       ||     1
    Use: Scroll            |       |       |    11 |     5 |       ||    16
         Potion            |       |       |     1 |       |       ||     1
   Stab: Sleeping          |     2 |       |       |       |       ||     2
 Armour: Animal skin       |    17 |       |       |       |       ||    17
         Ring mail         |       |    58 |    18 |       |       ||    76
         Chain mail        |       |       |   173 |    94 |   161 ||   428
         Skin              |       |       |    35 |       |       ||    35
         Scale mail        |       |       |     9 |   135 |       ||   144
  Dodge: Dodged            |    69 |    83 |   154 |   208 |   103 ||   617
  Block: Other             |       |    24 |    78 |    65 |    36 ||   203

Table legend: (Time is in decaauts)
 A = Elapsed time spent in this place.
 B = Non-inter-level travel time spent in this place.
 C = Inter-level travel time spent in this place.
 D = Time resting spent in this place.
 E = Time spent auto-exploring this place.
 F = Levels seen in this place.
 G = Mean time per level.
                   A        B        C        D        E       F      G
               +--------+--------+--------+--------+--------+-----+--------+
         Total |  17881 |  17424 |    457 |   2923 |  11333 |  18 |  993.4 |
       Dungeon |  10659 |  10327 |    332 |   1798 |   6953 |  10 | 1065.9 |
        Temple |    115 |    106 |      9 |      0 |     90 |   1 |  115.0 |
          Lair |   5635 |   5519 |    116 |    895 |   3495 |   5 | 1127.0 |
         Sewer |    986 |    986 |      0 |     62 |    707 |   1 |  986.0 |
       Volcano |    484 |    484 |      0 |    167 |     86 |   1 |  484.0 |
               +--------+--------+--------+--------+--------+-----+--------+

Top non-repeatable levels by time:
  Lair:4: 1496 daAuts
     D:7: 1426 daAuts
  Lair:3: 1362 daAuts
  Lair:1: 1262 daAuts
     D:3: 1221 daAuts
     D:5: 1218 daAuts
     D:8: 1183 daAuts
    D:10: 1144 daAuts
     D:2: 1068 daAuts
   Sewer: 986 daAuts
     D:6: 875 daAuts
     D:9: 859 daAuts
     D:1: 851 daAuts
  Lair:2: 833 daAuts
     D:4: 808 daAuts
